Raisse, chaotic female orcish Wizard ---- --..| |...| #.--).-- |[[.%| ---.--.| . ..||.%.||.| ..--------..--.--- )..goG..........| ..------........ . |......- Raisse the Thaumaturge Experience level: 8 Strength: 10 Dexterity: 16 Constitution: 15 Intelligence: 16 Wisdom: 10 Charisma: 10 Health: 0(59) Energy: 14(69) AC: 7 Gold: 193 Moves: 2236 Your Inventory: Coins $ - 193 gold pieces Amulets p - an [uncursed] concave amulet [versus poison] Weapons a - a [blessed +1] dagger [of searching] (weapon in hand) s - a blessed +1 quarterstaff z - 2 [uncursed +0] daggers (alternate weapon; not wielded) Armor w - a [cursed -2] pair of snow boots [speed] A - an [uncursed] +0 leather armor (being worn) C - an uncursed +0 cloak of magic resistance (being worn) Scrolls i - a blessed scroll of create monster j - an uncursed scroll of light E - an [uncursed] scroll labeled ANDOVA BEGARIN [of scare monster] F - a [cursed] scroll labeled KIRJE [of flood] Spellbooks l - a blessed spellbook of force bolt m - an uncursed spellbook of wizard lock Potions f - an uncursed potion of speed g - an uncursed potion of water h - 2 uncursed potions of healing x - an [uncursed] yellow potion [of see invisible] Rings d - an uncursed ring of conflict e - an uncursed ring of shock resistance Wands c - an uncursed wand of magic missile (0:6) Tools b - an [uncursed] blindfold n - an uncursed blindfold t - 5 [uncursed wax] candles G - an [uncursed] partly used [tallow] candle (lit) H - an [uncursed tallow] candle Spells known in the end: Name Level Category Fail Memory a - force bolt 1 attack 0% [||||||||] b - wizard lock 2 matter 57% [||||||||] Your skills at the end: Fighting Skills Weapon Skills quarterstaff [Basic / Expert] Spellcasting Skills attack spells [Basic / Expert] enchantment spells [Basic / Skilled] Final Attributes: You were piously aligned. Hunger level was 755. Your alignment was 21 / 21. Monster difficulty range was 1 - 8. Level difficulty was 8. You were immune to poison. You were magic-protected. You had automatic searching. You had infravision. Your luck was zero. You are dead. Vanquished creatures: a dwarf king a vampire bat 4 chickatrices a wood nymph a fog cloud 3 gnome lords a golden naga hatchling a guardian naga hatchling a little dog a kitten 6 dwarves 3 hill orcs an iguana a coyote a hobbit 4 manes a yellow mold 40 gnomes a gecko 2 jackals 2 foxes 2 goblins a sewer rat a newt 81 creatures vanquished. Voluntary challenges: You were illiterate. You used a wielded weapon 75 times. You put on armor 3 times. You never genocided any monsters. You never polymorphed an object. You never changed form. You used no wishes. You never wrote Elbereth's name. You never encountered a bones level. You never used any Sokoban shortcuts. Dungeon overview: The Dungeons of Doom: levels 1 to 2 Level 1 a long staircase Level 2 a fountain stairs to The Gnomish Mines The Gnomish Mines: levels 3 to 8 Level 3 stairs to The Dungeons of Doom Level 6 a temple, a magic chest Level 8 <- You were here History has recorded: On T:1 you entered the Dungeons of Doom to retrieve the Amulet of Yendor! On T:232 you reached level 2 of The Dungeons of Doom. On T:278 you reached level 1 of The Gnomish Mines. On T:281 you advanced to experience level 2. On T:293 you advanced to experience level 3. On T:349 you advanced to experience level 4. On T:426 you advanced to experience level 5. On T:779 you advanced to experience level 6. On T:1166 you reached level 2 of The Gnomish Mines. On T:1236 you reached level 4 of The Gnomish Mines. On T:1441 you reached level 5 of The Gnomish Mines. On T:1452 you advanced to experience level 7. On T:2182 you reached level 6 of The Gnomish Mines. On T:2233 you advanced to experience level 8. Latest messages: The gargoyle hits! (2x) The gargoyle bites! The spell misses the gargoyle. The spell misses the gargoyle. The spell hits the chickatrice! You kill the chickatrice! The spell hits the chickatrice! You kill the chickatrice! The gargoyle hits! (2x) The gargoyle bites! Never mind. The spell misses the gargoyle. The gargoyle hits! You die... Final status: Goodbye Raisse the Wizard... You died in The Gnomish Mines on dungeon level 8 with 3916 points, and 193 pieces of gold, after 2236 moves. You were level 8 with a maximum of 59 hit points when you died.